 Dungeon Sprint DCSS version 0.21.2 (webtiles) character file.

197 Fang the Fighter (level 5, -1/39 HPs)
             Began as a Gargoyle Berserker on Sept 27, 2018.
             Was a High Priest of Trog.
             Slain by an orc warrior
             ... wielding a +0 long sword
              (12 damage)
             ... in the Dungeon (Sprint VII: "The Pits").
             The game lasted 00:00:50 (276 turns).

Fang the Fighter (Gargoyle Berserker)                Turns: 276, Time: 00:00:51

Health: -1/39      AC: 16    Str: 21    XL:     5   Next: 75%
Magic:  5/5        EV:  9    Int:  8    God:    Trog [*****.]
Gold:   0          SH:  0    Dex:  9    Spells: 4/4 levels left

rFire    . . .     SeeInvis .   m - +2 hand axe (chop)
rCold    . . .     Gourm    .   (no shield)
rNeg     + . .     Faith    .   n - +3 chain mail
rPois    ∞         Spirit   .   (no helmet)
rElec    +         Reflect  .   (no cloak)
rCorr    .         Harm     .   (no gloves)
MR       .....     NoTele   +   (no boots)
Stlth    ..........             (no amulet)
HPRegen  0.13/turn              (no ring)
MPRegen  0.09/turn              (no ring)

@: berserk cooldown, slowed, very slow
A: negative energy resistance 1, electricity resistance, unbreathing,
petrification resistance, rot immunity, AC +4
a: Berserk, Trog's Hand, Brothers in Arms, Burn Spellbooks, Renounce Religion


You were in the Dungeon.
You worshipped Trog.
Trog was extremely pleased with you.
You were not hungry.

You visited 1 branch

Inventory:

Hand Weapons
 j - a +2 hand axe
 m - a +2 hand axe of chopping (weapon)
Armour
 n - a +3 chain mail (worn)
Scrolls
 i - a scroll of blinking
 k - 3 scrolls of remove curse
 l - a scroll of summoning
Potions
 a - 2 potions of invisibility
 d - 6 potions of curing
 e - 6 potions of heal wounds
 f - a potion of haste
 g - 4 potions of magic
 h - 3 potions of berserk rage
Comestibles
 c - 9 rations


   Skills:
 + Level 8.1 Fighting
 + Level 7.0 Axes
 + Level 4.5 Armour
 + Level 3.8 Dodging
 + Level 1.1 Stealth


You had 4 spell levels left.
You didn't know any spells.

Dungeon Overview and Level Annotations

Branches:
Dungeon (1/1)

Altars:
Cheibriados
Dithmenos
Elyvilon
Fedhas
Gozag
Hepliaklqana
Makhleb
Nemelex Xobeh
Okawaru
Qazlal
Ru
Sif Muna
Trog
Vehumet
Wu Jian
Xom
Yredelemnul
Zin
The Shining One
Beogh
Jiyva
Lugonu

Annotations:
D Blork the orc


Innate Abilities, Weirdness & Mutations

You are resistant to torment.
Your stone body is resilient. (AC +4)
You are immune to poison.
You resist negative energy. (rN+)
You are resistant to electric shocks. (rElec)
You can survive without breathing.
You are immune to petrification.
You are immune to rotting.


Message History

The orc warrior hits you with a long sword.
* * * LOW HITPOINT WARNING * * *
Unknown command.
You closely miss the orc warrior.
The orc warrior is heavily wounded.
You are no longer berserk.
You are exhausted.
You feel yourself slow down.
Blork the orc looks encouraged for a moment.
You closely miss the orc warrior.
The orc warrior is heavily wounded.
The orc warrior hits you but does no damage.
Blork the orc casts a spell.
Blork the orc seems to speed up.
Unknown command.
Unknown command.
You hit the orc warrior.
The orc warrior is severely wounded.
The orc warrior hits you with a long sword!
You die...

#'#####'#####.....
#.#..†..#[[##.....
#.#.....#))#####'#
#.###'###))##.....
#.#.....#.)##.....
#)#..)..#..##.....
#.####)##'###...<.
#)#........##.....
#@#........##.....
#o###########.....
#o..J...# ######
#o###...# #.# .#
#.# #.. #.. #..


You could see Blork the orc, an orc warrior and an orc.

Vanquished Creatures
  A fire bat (D)
  An orc wizard (D)
  2 oozes (D)
  A leopard gecko (D)
  5 orcs (D)
  A bat skeleton (D)
  A bat zombie (D)
  3 giant cockroaches (D)
  3 jackals (D)
  A quokka (D)
19 creatures vanquished.

Notes
Turn   | Place    | Note
-------+----------+-------------------------------------------
     0 | D        | Fang the Gargoyle Berserker began the quest for the Orb.
     0 | D        | Reached XP level 1. HP: 14/14 MP: 1/1
    47 | D        | Found a bloodstained altar of Trog.
    47 | D        | Found a deep blue altar of Sif Muna.
    47 | D        | Found a viscous altar of Jiyva.
    47 | D        | Found a hazy altar of Hepliaklqana.
    47 | D        | Found an opulent altar of Gozag.
    48 | D        | Found a glowing golden altar of the Shining One.
    48 | D        | Found a glowing silver altar of Zin.
    48 | D        | Found a basalt altar of Yredelemnul.
    48 | D        | Found a shimmering altar of Xom.
    48 | D        | Found an ornate altar of the Wu Jian Council.
    48 | D        | Found a sacrificial altar of Ru.
    48 | D        | Found a stormy altar of Qazlal.
    48 | D        | Found an iron altar of Okawaru.
    48 | D        | Found a sparkling altar of Nemelex Xobeh.
    48 | D        | Found a burning altar of Makhleb.
    48 | D        | Found a blossoming altar of Fedhas.
    48 | D        | Found a white marble altar of Elyvilon.
    48 | D        | Found a shadowy altar of Dithmenos.
    48 | D        | Found a snail-covered altar of Cheibriados.
    50 | D        | Found a radiant altar of Vehumet.
    50 | D        | Found a corrupted altar of Lugonu.
    50 | D        | Found a roughly hewn altar of Beogh.
    94 | D        | Reached ** piety under Trog
   108 | D        | Reached skill level 4 in Fighting
   108 | D        | Reached XP level 2. HP: 20/20 MP: 2/2
   118 | D        | Reached *** piety under Trog
   123 | D        | Reached **** piety under Trog
   123 | D        | Reached skill level 5 in Fighting
   123 | D        | Reached XP level 3. HP: 27/27 MP: 3/3
   128 | D        | Reached ***** piety under Trog
   130 | D        | Reached skill level 6 in Fighting
   242 | D        | Noticed a fire bat
   253 | D        | Received a gift from Trog
   259 | D        | Noticed an orc warrior
   263 | D        | Killed a fire bat
   263 | D        | Reached skill level 8 in Fighting
   263 | D        | Reached skill level 1 in Stealth
   263 | D        | Reached XP level 4. HP: 21/35 MP: 4/4
   263 | D        | Reached XP level 5. HP: 24/39 MP: 5/5
   269 | D        | Noticed Blork the orc
   276 | D        | Slain by an orc warrior

Skill      XL: |  1  2  3  4  5 |
---------------+----------------+-----
Axes           | 3 4 6 7 |  7.0
Dodging        | 2 3 |  3.8
Fighting       | 4 5 8 |  8.1
Armour         | 3 4 |  4.5
Stealth        | 1 |  1.1

Action                   |  1- 3 |  4- 6 || total
-------------------------+-------+-------++-------
Melee: Hand axe          |    43 |    11 ||    54
Invok: Berserk           |     2 |       ||     2
Armor: Animal skin       |     9 |       ||     9
       Chain mail        |    10 |     2 ||    12
Dodge: Dodged            |    38 |     2 ||    40
